[ AOE2 MATCH · #481576746 ]
Team RMGoths vs Mongols
[ REPLAY ANALYSIS · EXTRACTED FROM THE RECORDED GAME ]
Feudal
12:19
Castle
22:27
Imperial
40:26
| APM avg | 20.8 |
| APM peak | 40 |
| eAPM avg | 14.0 |
| Villagers / military | 131 / 504 |
Focus
⚔️ 40.2% · 🌾 59.8%
Spearman ×200 · Huskarl ×193 · Militia ×54 · Scorpion ×41 · Trade Cart ×11 · Bombard Cannon ×9
Feudal
9:17
Castle
18:11
Imperial
40:33
| APM avg | 59.3 |
| APM peak | 106 |
| eAPM avg | 21.8 |
| Villagers / military | 189 / 202 |
Focus
⚔️ 33.6% · 🌾 66.4%
Scout Cavalry ×81 · Cavalry Archer ×56 · Knight ×43 · Scorpion ×7 · Archer ×4 · Monk ×3
Feudal
10:25
Castle
16:08
Imperial
37:24
| APM avg | 31.9 |
| APM peak | 76 |
| eAPM avg | 14.0 |
| Villagers / military | 163 / 181 |
Focus
⚔️ 31.5% · 🌾 68.5%
Throwing Axeman ×115 · Knight ×58 · Trebuchet (Packed) ×5 · Scout Cavalry ×3
Feudal
11:13
Castle
19:21
Imperial
32:54
| APM avg | 15.4 |
| APM peak | 33 |
| eAPM avg | 13.0 |
| Villagers / military | 133 / 176 |
Focus
⚔️ 31.5% · 🌾 68.5%
Spearman ×74 · Mangonel ×39 · Scorpion ×25 · Woad Raider ×23 · Trade Cart ×12 · Battering Ram ×8
Match map
Initial resources + every placement click. Lines = walls · curves = elevation contours. ◆ gold · ⬟ stone · ● berries · ✦ relic · ◌ wall gap
Your base· ✓ Closed at 22:27 · 0t walls · 2 gate(s)
Wendel.'s base· ✓ Closed at 18:11 · 11t walls · 1 gate(s)
Ca-Bling's base· ✓ Closed at 16:08 · 5t walls · 1 gate(s)
simirfan's base· ✓ Closed at 19:21 · 15t walls · 2 gate(s)
Smoothed initial terrain · ◌ = detected wall gap · hover for details
Inputs per minute
— Geosim - - Wendel.
Build order — Geosim
First 150 of 363 actions detected
| 0:01 | Research | Loom |
| 0:01 | Create | Villager (Male) ×4 |
| 0:03 | Build | House |
| 0:05 | Build | House |
| 1:27 | Create | Villager (Male) |
| 1:54 | Create | Villager (Male) |
| 2:21 | Build | Lumber Camp |
| 2:25 | Create | Villager (Male) |
| 2:43 | Create | Villager (Male) |
| 2:48 | Build | House |
| 2:50 | Build | House |
| 3:08 | Create | Villager (Male) |
| 3:36 | Create | Villager (Male) |
| 4:07 | Create | Villager (Male) |
| 4:21 | Build | Mill |
| 4:29 | Create | Villager (Male) |
| 4:52 | Create | Villager (Male) |
| 5:13 | Create | Villager (Male) |
| 5:41 | Create | Villager (Male) |
| 6:11 | Create | Villager (Male) |
| 6:12 | Create | Villager (Male) |
| 6:35 | Build | Barracks |
| 7:14 | Create | Villager (Male) |
| 7:17 | Create | Villager (Male) |
| 7:18 | Create | Villager (Male) |
| 7:23 | Build | House |
| 7:28 | Build | Palisade Gate |
| 7:35 | Build | House |
| 7:55 | Create | Villager (Male) |
| 8:38 | Create | Villager (Male) |
| 8:39 | Create | Villager (Male) |
| 8:58 | Build | Mining Camp |
| 9:02 | Create | Villager (Male) |
| 9:07 | Build | House |
| 9:20 | Build | Barracks |
| 9:30 | Research | Feudal Age |
| 9:50 | Create | Militia ×2 |
| 10:13 | Build | Mill |
| 10:22 | Create | Villager (Male) |
| 10:23 | Create | Villager (Male) |
| 10:37 | Build | Palisade Gate |
| 10:39 | Build | House |
| 10:43 | Create | Militia |
| 10:53 | Create | Militia |
| 11:24 | Build | Farm |
| 11:25 | Build | Farm |
| 11:26 | Build | Farm |
| 11:26 | Build | Farm |
| 11:45 | Build | House |
| 12:19 | Age | Feudal Age |
| 12:20 | Research | Double-Bit Axe |
| 12:22 | Research | Man-at-Arms (upgrade) |
| 12:27 | Build | Blacksmith |
| 13:02 | Create | Villager (Male) |
| 13:05 | Research | Gold Mining |
| 13:11 | Build | House |
| 13:16 | Research | Forging |
| 13:41 | Create | Villager (Male) |
| 13:59 | Create | Villager (Male) |
| 14:07 | Build | Market |
| 14:13 | Research | Horse Collar |
| 14:44 | Create | Villager (Male) |
| 14:47 | Build | Farm |
| 14:48 | Build | Farm |
| 14:48 | Build | Farm |
| 14:49 | Build | Farm |
| 14:52 | Create | Villager (Male) |
| 14:59 | Build | House |
| 15:01 | Build | House |
| 15:26 | Research | Scale Mail Armor |
| 15:36 | Create | Villager (Male) |
| 15:37 | Create | Villager (Male) |
| 15:38 | Create | Villager (Male) |
| 15:39 | Create | Villager (Male) |
| 16:00 | Build | Barracks |
| 16:06 | Build | Farm |
| 16:23 | Build | Farm |
| 16:23 | Build | Farm |
| 16:25 | Build | Farm |
| 16:30 | Build | Farm |
| 16:32 | Create | Villager (Male) |
| 16:36 | Build | House |
| 16:54 | Build | Farm |
| 17:12 | Build | Farm |
| 17:13 | Build | Farm |
| 17:18 | Build | Farm |
| 17:22 | Build | House |
| 17:23 | Build | House |
| 17:36 | Create | Villager (Male) |
| 17:45 | Build | Farm |
| 17:47 | Create | Villager (Male) |
| 17:49 | Research | Wheelbarrow |
| 18:25 | Build | Farm |
| 18:48 | Build | Farm |
| 18:57 | Build | Barracks |
| 19:25 | Research | Castle Age |
| 19:39 | Build | House |
| 19:40 | Build | House |
| 19:41 | Build | House |
| 19:44 | Create | Militia ×3 |
| 19:47 | Create | Militia |
| 20:03 | Create | Militia |
| 20:05 | Create | Militia |
| 20:11 | Create | Militia |
| 20:13 | Create | Militia |
| 20:14 | Create | Militia |
| 20:15 | Create | Militia |
| 20:22 | Create | Militia |
| 20:29 | Create | Militia |
| 20:46 | Create | Spearman ×5 |
| 21:00 | Build | House |
| 21:02 | Build | House |
| 21:03 | Build | House |
| 21:06 | Create | Militia ×3 |
| 21:13 | Create | Militia |
| 21:25 | Build | Watch Tower |
| 21:31 | Create | Spearman ×5 |
| 22:18 | Build | Farm |
| 22:21 | Build | Farm |
| 22:27 | Age | Castle Age |
| 22:28 | Research | Long Swordsman (upgrade) |
| 22:29 | Research | Pikeman (upgrade) |
| 22:55 | Research | Chain Mail Armor |
| 23:05 | Research | Iron Casting |
| 23:25 | Build | Mining Camp |
| 23:26 | Create | Villager (Male) |
| 23:26 | Create | Villager (Male) |
| 23:30 | Research | Squires |
| 23:38 | Create | Spearman ×5 |
| 23:38 | Create | Spearman ×5 |
| 23:59 | Build | Town Center |
| 24:07 | Create | Militia ×4 |
| 24:32 | Create | Militia ×3 |
| 24:37 | Create | Militia ×3 |
| 25:33 | Create | Spearman ×5 |
| 25:33 | Create | Spearman ×5 |
| 25:34 | Create | Militia ×4 |
| 26:12 | Research | Bow Saw |
| 26:13 | Create | Villager (Male) |
| 26:18 | Build | Town Center |
| 26:21 | Research | Stone Mining |
| 26:25 | Create | Villager (Male) |
| 27:07 | Build | Siege Workshop |
| 27:26 | Create | Villager (Male) ×5 |
| 27:31 | Create | Villager (Male) |
| 27:31 | Create | Villager (Male) |
| 27:39 | Build | Farm |
| 27:39 | Build | Farm |
| 27:40 | Build | Farm |
| 27:50 | Research | Heavy Plow |
Build order — Wendel.
First 150 of 610 actions detected
| 0:01 | Create | Villager (Male) |
| 0:02 | Create | Villager (Male) |
| 0:03 | Build | House |
| 0:04 | Build | House |
| 0:09 | Create | Villager (Male) |
| 0:09 | Create | Villager (Male) |
| 1:41 | Create | Villager (Male) |
| 2:00 | Build | Lumber Camp |
| 2:07 | Create | Villager (Male) |
| 2:23 | Create | Villager (Male) |
| 2:23 | Create | Villager (Male) |
| 2:49 | Create | Villager (Male) |
| 3:39 | Create | Villager (Male) |
| 3:39 | Create | Villager (Male) |
| 3:50 | Build | House |
| 3:58 | Create | Villager (Male) |
| 3:58 | Create | Villager (Male) |
| 4:04 | Build | House |
| 4:35 | Create | Villager (Male) |
| 5:00 | Build | Palisade Wall |
| 5:03 | Create | Villager (Male) |
| 5:11 | Create | Villager (Male) |
| 5:17 | Build | Palisade Gate |
| 5:23 | Create | Villager (Male) |
| 5:39 | Create | Villager (Male) |
| 6:05 | Build | Mill |
| 6:56 | Research | Feudal Age |
| 6:57 | Research | Loom |
| 7:07 | Build | Farm |
| 7:10 | Build | Farm |
| 8:41 | Build | Farm |
| 8:55 | Build | Mining Camp |
| 9:14 | Build | House |
| 9:17 | Age | Feudal Age |
| 9:20 | Create | Villager (Male) |
| 9:21 | Create | Villager (Male) |
| 9:55 | Build | Market |
| 10:00 | Create | Villager (Male) |
| 10:09 | Build | Palisade Wall |
| 10:22 | Research | Double-Bit Axe |
| 10:50 | Create | Villager (Male) |
| 11:07 | Create | Villager (Male) |
| 11:15 | Build | Barracks |
| 11:23 | Build | Barracks |
| 11:25 | Create | Villager (Male) |
| 11:32 | Create | Villager (Male) |
| 11:43 | Build | House |
| 11:46 | Build | House |
| 11:48 | Build | Palisade Wall |
| 12:09 | Create | Villager (Male) |
| 12:18 | Build | Archery Range |
| 12:20 | Create | Spearman |
| 12:24 | Create | Villager (Male) |
| 12:49 | Build | Farm |
| 12:59 | Build | Farm |
| 13:05 | Build | Farm |
| 13:09 | Create | Villager (Male) |
| 13:15 | Create | Archer |
| 13:17 | Create | Villager (Male) |
| 13:20 | Create | Archer |
| 13:26 | Create | Spearman |
| 13:37 | Create | Archer |
| 13:57 | Build | House |
| 14:08 | Create | Villager (Male) |
| 14:09 | Create | Villager (Male) |
| 14:13 | Build | House |
| 14:24 | Create | Archer |
| 14:30 | Build | Blacksmith |
| 14:53 | Build | Farm |
| 14:55 | Build | Farm |
| 15:21 | Research | Castle Age |
| 15:26 | Build | Farm |
| 15:29 | Build | Farm |
| 16:11 | Create | Villager (Male) |
| 16:19 | Research | Horse Collar |
| 16:34 | Build | Stable |
| 16:49 | Build | Mining Camp |
| 16:54 | Build | House |
| 16:55 | Build | House |
| 16:57 | Build | House |
| 17:08 | Research | Fletching |
| 17:26 | Create | Villager (Male) |
| 18:11 | Age | Castle Age |
| 18:27 | Create | Villager (Male) |
| 18:35 | Build | Monastery |
| 18:42 | Create | Villager (Male) |
| 19:27 | Create | Cavalry Archer |
| 19:28 | Create | Villager (Male) |
| 19:32 | Research | Bloodlines |
| 19:36 | Create | Monk |
| 19:44 | Create | Villager (Male) |
| 20:02 | Create | Villager (Male) |
| 20:10 | Build | Town Center |
| 20:18 | Create | Cavalry Archer |
| 20:19 | Create | Villager (Male) |
| 20:24 | Research | Town Watch |
| 20:31 | Create | Villager (Male) |
| 20:49 | Create | Cavalry Archer |
| 20:50 | Create | Villager (Male) |
| 20:59 | Create | Scout Cavalry |
| 20:59 | Create | Scout Cavalry |
| 21:14 | Create | Villager (Male) |
| 21:22 | Research | Bodkin Arrow |
| 21:44 | Create | Villager (Male) |
| 22:15 | Create | Villager (Male) |
| 22:23 | Build | Town Center |
| 22:28 | Create | Cavalry Archer |
| 22:28 | Create | Cavalry Archer |
| 22:29 | Create | Villager (Male) |
| 23:01 | Create | Villager (Male) |
| 23:02 | Create | Cavalry Archer |
| 23:11 | Create | Villager (Male) |
| 23:15 | Create | Cavalry Archer |
| 23:23 | Build | University |
| 23:48 | Create | Villager (Male) |
| 23:51 | Build | House |
| 23:51 | Build | House |
| 23:52 | Build | House |
| 23:52 | Build | House |
| 23:52 | Build | House |
| 23:55 | Create | Villager (Male) |
| 24:44 | Research | Husbandry |
| 25:28 | Create | Villager (Male) |
| 25:29 | Create | Villager (Male) |
| 25:31 | Create | Cavalry Archer |
| 25:32 | Create | Villager (Male) |
| 25:37 | Build | Castle |
| 25:50 | Build | House |
| 25:53 | Build | House |
| 26:24 | Create | Villager (Male) |
| 26:33 | Create | Cavalry Archer |
| 26:33 | Create | Cavalry Archer |
| 26:35 | Create | Villager (Male) |
| 26:36 | Create | Villager (Male) |
| 26:37 | Create | Villager (Male) |
| 26:37 | Create | Villager (Male) |
| 26:58 | Research | Murder Holes |
| 27:12 | Create | Villager (Male) |
| 27:21 | Create | Villager (Male) |
| 27:21 | Create | Villager (Male) |
| 27:22 | Create | Villager (Male) |
| 27:22 | Create | Villager (Male) |
| 27:28 | Build | Farm |
| 27:29 | Build | Farm |
| 27:29 | Build | Farm |
| 27:29 | Build | Farm |
| 27:29 | Build | Farm |
| 27:30 | Build | Farm |
| 27:30 | Build | Farm |
| 27:30 | Build | Farm |
Build order — Ca-Bling
First 150 of 447 actions detected
| 0:01 | Create | Villager (Male) |
| 0:02 | Create | Villager (Male) |
| 0:02 | Create | Villager (Male) |
| 0:03 | Build | House |
| 0:05 | Build | House |
| 0:41 | Create | Villager (Male) |
| 1:40 | Create | Villager (Male) |
| 1:46 | Build | Lumber Camp |
| 2:10 | Create | Villager (Male) |
| 2:36 | Create | Villager (Male) |
| 2:36 | Create | Villager (Male) |
| 2:59 | Create | Villager (Male) |
| 3:09 | Build | House |
| 3:14 | Build | House |
| 3:27 | Create | Villager (Male) |
| 3:54 | Create | Villager (Male) |
| 4:13 | Build | Palisade Gate |
| 4:20 | Build | Palisade Wall |
| 4:30 | Create | Villager (Male) |
| 4:30 | Create | Villager (Male) |
| 4:31 | Create | Villager (Male) |
| 5:07 | Create | Villager (Male) |
| 5:12 | Build | Mill |
| 5:40 | Create | Villager (Male) |
| 5:40 | Create | Villager (Male) |
| 6:22 | Create | Villager (Male) |
| 6:22 | Create | Villager (Male) |
| 6:54 | Create | Villager (Male) |
| 6:54 | Create | Villager (Male) |
| 8:08 | Research | Feudal Age |
| 8:13 | Build | Mining Camp |
| 9:02 | Build | House |
| 9:03 | Build | House |
| 10:25 | Age | Feudal Age |
| 10:38 | Build | Barracks |
| 10:41 | Create | Villager (Male) |
| 10:41 | Create | Villager (Male) |
| 11:00 | Build | Market |
| 11:06 | Create | Villager (Male) |
| 11:07 | Create | Villager (Male) |
| 11:15 | Build | Farm |
| 11:16 | Build | Farm |
| 11:31 | Build | Farm |
| 12:04 | Create | Villager (Male) |
| 12:21 | Build | Stable |
| 12:39 | Build | Farm |
| 12:43 | Build | Farm |
| 12:45 | Create | Villager (Male) |
| 13:04 | Build | Farm |
| 13:28 | Research | Castle Age |
| 13:37 | Build | Farm |
| 13:38 | Build | Farm |
| 14:18 | Create | Scout Cavalry |
| 14:18 | Create | Scout Cavalry |
| 14:28 | Build | Blacksmith |
| 14:46 | Research | Double-Bit Axe |
| 15:11 | Create | Scout Cavalry |
| 15:18 | Build | Farm |
| 15:49 | Research | Forging |
| 16:08 | Age | Castle Age |
| 16:13 | Build | Town Center |
| 16:16 | Create | Villager (Male) |
| 16:17 | Create | Villager (Male) |
| 16:22 | Build | House |
| 16:23 | Build | House |
| 16:25 | Build | House |
| 16:26 | Build | House |
| 16:30 | Create | Knight |
| 16:31 | Create | Knight |
| 16:45 | Build | Farm |
| 16:52 | Build | Farm |
| 16:56 | Create | Villager (Male) |
| 17:14 | Build | Farm |
| 17:21 | Create | Villager (Male) |
| 17:42 | Create | Villager (Male) |
| 17:44 | Create | Knight |
| 17:56 | Create | Villager (Male) |
| 18:23 | Create | Villager (Male) |
| 18:23 | Create | Villager (Male) |
| 18:35 | Build | Farm |
| 18:35 | Build | Farm |
| 18:38 | Create | Villager (Male) |
| 18:38 | Create | Villager (Male) |
| 18:44 | Build | House |
| 18:44 | Build | House |
| 18:46 | Build | House |
| 19:16 | Create | Villager (Male) |
| 19:16 | Create | Villager (Male) |
| 19:30 | Create | Knight |
| 19:44 | Build | Town Center |
| 19:47 | Create | Knight |
| 19:50 | Create | Villager (Male) |
| 19:56 | Build | Farm |
| 19:56 | Build | Farm |
| 19:58 | Build | Farm |
| 20:00 | Create | Villager (Male) |
| 20:01 | Create | Villager (Male) |
| 20:37 | Create | Villager (Male) |
| 20:37 | Create | Villager (Male) |
| 21:07 | Research | Scale Barding Armor |
| 21:09 | Create | Villager (Male) |
| 21:38 | Create | Villager (Male) |
| 21:39 | Create | Villager (Male) |
| 21:39 | Create | Villager (Male) |
| 21:45 | Create | Villager (Male) |
| 22:19 | Create | Villager (Male) |
| 22:19 | Create | Villager (Male) |
| 22:19 | Create | Villager (Male) |
| 22:42 | Build | Monastery |
| 22:46 | Build | University |
| 22:51 | Create | Villager (Male) |
| 22:51 | Create | Villager (Male) |
| 22:52 | Create | Villager (Male) |
| 22:52 | Create | Villager (Male) |
| 23:23 | Build | Farm |
| 23:24 | Build | Farm |
| 23:24 | Build | Farm |
| 23:26 | Create | Villager (Male) |
| 23:26 | Create | Villager (Male) |
| 23:26 | Create | Villager (Male) |
| 23:36 | Build | Lumber Camp |
| 23:42 | Build | Lumber Camp |
| 23:55 | Create | Villager (Male) |
| 23:55 | Create | Villager (Male) |
| 23:56 | Create | Villager (Male) |
| 24:39 | Create | Villager (Male) |
| 24:39 | Create | Villager (Male) |
| 24:39 | Create | Villager (Male) |
| 25:04 | Build | Castle |
| 25:13 | Create | Villager (Male) |
| 25:13 | Create | Villager (Male) |
| 25:14 | Create | Villager (Male) |
| 25:40 | Research | Iron Casting |
| 26:00 | Create | Villager (Male) |
| 26:00 | Create | Villager (Male) |
| 26:01 | Create | Villager (Male) |
| 26:19 | Build | House |
| 26:20 | Build | House |
| 26:20 | Build | House |
| 26:20 | Build | House |
| 26:21 | Build | House |
| 26:33 | Create | Villager (Male) |
| 26:34 | Create | Villager (Male) |
| 26:34 | Create | Villager (Male) |
| 26:34 | Create | Villager (Male) |
| 26:34 | Create | Villager (Male) |
| 26:35 | Create | Villager (Male) |
| 27:18 | Build | Castle |
| 27:33 | Create | Villager (Male) |
| 27:33 | Create | Villager (Male) |
Build order — simirfan
First 150 of 417 actions detected
| 0:02 | Create | Villager (Male) ×4 |
| 0:03 | Build | House |
| 0:05 | Build | House |
| 1:27 | Create | Villager (Male) |
| 1:50 | Build | Lumber Camp |
| 2:02 | Create | Villager (Male) |
| 2:20 | Create | Villager (Male) |
| 2:51 | Create | Villager (Male) |
| 3:10 | Create | Villager (Male) |
| 3:27 | Build | House |
| 3:44 | Create | Villager (Male) |
| 4:23 | Create | Villager (Male) |
| 4:31 | Build | Mill |
| 4:50 | Create | Villager (Male) |
| 4:50 | Create | Villager (Male) |
| 5:14 | Create | Villager (Male) |
| 5:36 | Build | House |
| 5:41 | Create | Villager (Male) |
| 6:10 | Create | Villager (Male) |
| 6:10 | Create | Villager (Male) |
| 6:17 | Build | Palisade Gate |
| 6:25 | Build | Barracks |
| 6:39 | Create | Villager (Male) |
| 7:00 | Build | House |
| 7:07 | Create | Villager (Male) |
| 7:24 | Build | House |
| 8:05 | Build | Palisade Wall |
| 8:13 | Create | Villager (Male) |
| 8:14 | Create | Villager (Male) |
| 8:18 | Create | Villager (Male) |
| 8:43 | Build | Mining Camp |
| 9:01 | Research | Feudal Age |
| 9:02 | Research | Loom |
| 9:31 | Create | Militia |
| 9:45 | Create | Villager (Male) |
| 9:46 | Create | Villager (Male) |
| 9:52 | Create | Villager (Male) |
| 10:15 | Create | Militia |
| 10:38 | Build | Mill |
| 10:53 | Build | Farm |
| 10:53 | Build | Farm |
| 10:54 | Build | Farm |
| 11:13 | Age | Feudal Age |
| 11:22 | Research | Double-Bit Axe |
| 11:29 | Build | Blacksmith |
| 11:34 | Build | Market |
| 12:11 | Research | Horse Collar |
| 12:26 | Build | Gate |
| 12:32 | Build | Stone Wall |
| 12:35 | Build | Stone Wall |
| 12:44 | Create | Villager (Male) |
| 12:45 | Create | Villager (Male) |
| 13:01 | Create | Trade Cart |
| 13:01 | Create | Trade Cart |
| 13:19 | Create | Villager (Male) |
| 13:52 | Build | House |
| 13:54 | Build | House |
| 14:03 | Create | Villager (Male) |
| 14:04 | Create | Villager (Male) |
| 14:23 | Build | Farm |
| 14:24 | Build | Farm |
| 14:24 | Build | Farm |
| 14:25 | Build | Farm |
| 14:25 | Build | Farm |
| 14:28 | Build | Farm |
| 14:39 | Create | Villager (Male) |
| 14:45 | Build | Farm |
| 14:46 | Build | Farm |
| 14:46 | Build | Farm |
| 14:46 | Build | Farm |
| 14:46 | Build | Farm |
| 15:16 | Build | Gate |
| 15:20 | Build | House |
| 15:22 | Build | House |
| 15:24 | Build | House |
| 15:26 | Build | House |
| 15:46 | Create | Villager (Male) |
| 15:47 | Create | Villager (Male) |
| 16:41 | Research | Castle Age |
| 17:00 | Create | Trade Cart |
| 17:01 | Create | Trade Cart |
| 17:20 | Build | Mining Camp |
| 17:33 | Build | Farm |
| 17:56 | Create | Villager (Male) |
| 17:56 | Create | Villager (Male) |
| 18:30 | Build | Barracks |
| 18:33 | Research | Padded Archer Armor |
| 18:34 | Research | Fletching |
| 18:35 | Research | Scale Mail Armor |
| 18:36 | Research | Forging |
| 18:45 | Create | Spearman |
| 18:46 | Create | Spearman |
| 19:04 | Create | Spearman |
| 19:21 | Age | Castle Age |
| 19:32 | Build | Town Center |
| 19:42 | Build | Siege Workshop |
| 19:46 | Create | Villager (Male) |
| 19:46 | Create | Villager (Male) |
| 19:57 | Build | Farm |
| 20:12 | Research | Pikeman (upgrade) |
| 20:15 | Create | Spearman |
| 20:53 | Build | Farm |
| 20:53 | Build | Farm |
| 20:54 | Build | Farm |
| 20:54 | Build | Farm |
| 20:54 | Build | Farm |
| 20:54 | Build | Farm |
| 20:57 | Create | Villager (Male) |
| 20:58 | Create | Villager (Male) |
| 21:13 | Create | Villager (Male) ×3 |
| 21:23 | Build | Farm |
| 21:24 | Build | Farm |
| 21:24 | Build | Farm |
| 21:24 | Build | Farm |
| 21:24 | Build | Farm |
| 21:25 | Build | Farm |
| 21:30 | Create | Villager (Male) |
| 22:00 | Create | Mangonel |
| 22:07 | Create | Villager (Male) |
| 22:07 | Create | Villager (Male) |
| 22:10 | Create | Villager (Male) |
| 22:10 | Create | Villager (Male) |
| 22:16 | Build | Farm |
| 22:17 | Build | Farm |
| 22:17 | Build | Farm |
| 22:17 | Build | Farm |
| 22:17 | Build | Farm |
| 22:18 | Build | Farm |
| 22:22 | Create | Villager (Male) |
| 22:32 | Research | Stone Mining |
| 22:50 | Create | Villager (Male) |
| 22:53 | Create | Battering Ram |
| 23:01 | Create | Spearman |
| 23:01 | Create | Spearman |
| 23:19 | Build | Farm |
| 23:20 | Build | Farm |
| 23:20 | Build | Farm |
| 23:20 | Build | Farm |
| 23:21 | Build | Farm |
| 23:21 | Build | Farm |
| 23:21 | Build | Farm |
| 23:22 | Build | Farm |
| 23:22 | Build | Farm |
| 23:28 | Build | House |
| 23:45 | Create | Spearman |
| 23:55 | Create | Villager (Male) |
| 23:56 | Create | Villager (Male) |
| 23:58 | Create | Villager (Male) |
| 23:58 | Create | Villager (Male) |
| 24:02 | Build | House |
Match timeline
| 4:20 | Ca-Bling · wall_segment Palisade Wall x5 |
| 5:00 | Wendel. · wall_segment Palisade Wall x9 |
| 6:25 | simirfan · first_building Barracks |
| 6:35 | Geosim · first_building Barracks |
| 8:05 | simirfan · wall_segment Palisade Wall x3 |
| 9:17 | Wendel. · age_up feudal |
| 10:09 | Wendel. · wall_segment Palisade Wall x1 |
| 10:25 | Ca-Bling · age_up feudal |
| 10:38 | Ca-Bling · first_building Barracks |
| 11:13 | simirfan · age_up feudal |
| 11:15 | Wendel. · first_building Barracks |
| 11:48 | Wendel. · wall_segment Palisade Wall x1 |
| 12:18 | Wendel. · first_building Archery Range |
| 12:19 | Geosim · age_up feudal |
| 12:21 | Ca-Bling · first_building Stable |
| 12:32 | simirfan · wall_segment Stone Wall x6 |
| 12:35 | simirfan · wall_segment Stone Wall x6 |
| 15:20 | Wendel. · first_market_sell 100 wood |
| 16:08 | Ca-Bling · age_up castle |
| 16:23 | simirfan · first_market_sell 100 wood |
| 16:25 | simirfan · first_market_buy 100 food |
| 16:34 | Wendel. · first_building Stable |
| 18:11 | Wendel. · age_up castle |
| 18:35 | Wendel. · first_building Monastery |
| 19:21 | simirfan · age_up castle |
| 19:42 | simirfan · first_building Siege Workshop |
| 22:27 | Geosim · age_up castle |
| 22:42 | Ca-Bling · first_building Monastery |
| 22:59 | Geosim · first_market_buy 100 food |
| 23:00 | Geosim · first_market_sell 100 wood |
| 24:43 | simirfan · first_building Castle |
| 25:04 | Ca-Bling · first_building Castle |
| 25:37 | Wendel. · first_building Castle |
| 27:07 | Geosim · first_building Siege Workshop |
| 30:25 | Ca-Bling · first_market_sell 500 wood |
| 30:37 | Wendel. · first_building Siege Workshop |
| 32:54 | simirfan · age_up imperial |
| 33:00 | Geosim · first_building Castle |
| 33:20 | Ca-Bling · first_market_buy 100 stone |
| 34:52 | Wendel. · first_market_buy 100 stone |
| 35:22 | simirfan · wall_segment Stone Wall x8 |
| 37:09 | simirfan · wall_segment Stone Wall x11 |
| 37:21 | simirfan · wall_segment Stone Wall x8 |
| 37:24 | Ca-Bling · age_up imperial |
| 37:27 | Geosim · first_building Monastery |
| 39:44 | simirfan · first_building Monastery |
| 40:26 | Geosim · age_up imperial |
| 40:33 | Wendel. · age_up imperial |
| 46:39 | simirfan · wall_segment Stone Wall x8 |
| 52:17 | simirfan · wall_segment Stone Wall x5 |
| 53:31 | simirfan · wall_segment Stone Wall x21 |
| 53:34 | simirfan · wall_segment Stone Wall x19 |
| 58:10 | Wendel. · resign |
[ AI ANALYSIS · 1 CREDIT ]
What really happened in this match?
Wolo.gg analyzes every decision: build order, eco, micro, common mistakes by bracket. Personalized analysis on WhatsApp or Discord in 30 seconds.
Civ guide
Goths
Map guide
Glade
Perfil
Jugador #596177